 Dungeon Crawl Stone Soup version 0.25-a0-937-gcfae464cf3 (webtiles) character file.

Game seed: 12472390375096528132, levelgen mode: deterministic

1289 Hasart the Slasher (level 8, -13/55 HPs)
             Began as an Octopode Fighter on May 4, 2020.
             Mangled by an orc warrior
             ... wielding a +0 scimitar
              (21 damage)
             ... on level 4 of the Dungeon.
             The game lasted 00:08:28 (3918 turns).

Hasart the Slasher (Octopode Fighter)               Turns: 3918, Time: 00:08:28

Health: -13/55     AC:  1    Str: 18    XL:     8   Next: 55%
Magic:  8/8        EV: 13    Int: 10    God:
Gold:   169        SH:  9    Dex: 11    Spells: 7/7 levels left

rFire    . . .     SeeInvis .   a - +0 long sword
rCold    . . .     Gourm    .   b - +0 kite shield
rNeg     . . .     Faith    .   (helmet restricted)
rPois    .         Spirit   .   (no amulet)
rElec    .         Reflect  .   (no ring)
rCorr    .         Harm     .   (no ring)
MR       .....                  (no ring)
Stlth    ++........             (no ring)
HPRegen  0.18/turn              (no ring)
MPRegen  0.11/turn              (no ring)
                                (no ring)
                                (no ring)

@: no status effects
A: almost no armour, stealthy swim, amphibious, 8 rings, constrict 8, camouflage
1, gelatinous body 1
a: no special abilities


You were on level 4 of the Dungeon.
You were not hungry.

You visited 1 branch of the dungeon, and saw 4 of its levels.

You collected 169 gold pieces.

Inventory:

Hand Weapons
 a - a +0 long sword (weapon)
Missiles
 t - 16 poisoned darts (quivered)
Armour
 b - a +0 kite shield (worn)
Wands
 p - a wand of random effects (17)
 u - a wand of acid (6)
Scrolls
 e - 3 scrolls of noise {unknown}
 h - a scroll of blinking {unknown}
 i - 2 scrolls of remove curse {unknown}
 j - a scroll of fog {unknown}
 k - 2 scrolls of fear {unknown}
 l - 4 scrolls of identify {unknown}
Potions
 c - 3 potions of might
 f - a potion of heal wounds {unknown}
 g - a potion of lignification {unknown}
 m - 4 potions of stabbing {unknown}
 n - a potion of degeneration {unknown}
 o - a potion of resistance {unknown}
 r - a potion of cancellation {unknown}
 s - a potion of flight {unknown}
Comestibles
 d - 7 rations


   Skills:
 + Level 5.2 Fighting
 * Level 6.4 Long Blades
 + Level 2.7 Throwing
 + Level 5.1 Dodging
 + Level 5.2 Shields


You had 7 spell levels left.
You didn't know any spells.
Your spell library contained the following spells:

 Spells                   Type           Power        Failure   Level  Hunger
 Animate Skeleton         Necr           N/A          80%         1    ##.....
 Apportation              Tloc           #.....       80%         1    ##.....
 Corona                   Hex            #......      80%         1    ##.....
 Summon Small Mammal      Summ           #...         80%         1    ##.....


Dungeon Overview and Level Annotations

Branches:
Dungeon (4/15)
 Temple: D:4-7

Altars:
Zin

Shops:
D:2 *

Annotations:
D:4 Dowan


Innate Abilities, Weirdness & Mutations

You cannot wear most types of armour.
You are very stealthy in the water. (Stealth+)
You are amphibious.
You can wear up to eight rings at the same time.
You can use your tentacles to constrict eight enemies at once.
Your skin changes colour to match your surroundings (Stealth+).
Your rubbery body absorbs attacks. (AC +1, EV +1)


Message History

Press: ? - help, Shift-Dir - straight line, f/p - orc warrior
Aim: an orc warrior, wielding a +0 scimitar and wearing a +0 plate armour (lightly wounded, poisoned)
You throw a poisoned dart. The poisoned dart hits the orc warrior.
The orc warrior looks even sicker.
The orc warrior is lightly wounded.
Throwing (i - inventory)
t - 17 poisoned darts (quivered)
Press: ? - help, Shift-Dir - straight line, f/p - orc warrior
Aim: an orc warrior, wielding a +0 scimitar and wearing a +0 plate armour (moderately wounded, very poisoned)
You throw a poisoned dart. The poisoned dart hits the orc warrior.
The orc warrior is moderately wounded.
You closely miss the orc warrior. Your grab misses the orc warrior.
The orc warrior is heavily wounded.
The orc warrior hits you with a +0 scimitar!!
* * * LOW HITPOINT WARNING * * *
Unknown command.
You closely miss the orc warrior. You grab the orc warrior.
The orc warrior is heavily wounded.
You constrict the orc warrior, but do no damage.
The orc warrior hits you with a +0 scimitar!!
You die...

### ###.... #.
########....# #.
#####....[<..# #..
###(o@..########
#.. #.(.#####
#.#####.######
..##..............
..................
........##########
............#
..#####.....#### .
###......#


You could see an orc warrior.

Vanquished Creatures
  Pikel (D:4)
  Grinder (D:3)
  Duvessa (D:4)
  A phantom (D:4)
  An ogre (D:4)
  4 orc wizards
  Terence (D:3)
  Natasha (twice) (D:4)
  Robin (D:4)
  5 adders
  2 oozes (D:2)
  A worm (D:2)
  4 dart slugs
  2 leopard geckos (D:1)
  16 orcs
  4 giant cockroaches
  14 goblins
  8 hobgoblins
  4 jackals (D:3)
  6 kobolds
  4 quokkas
  A ball python (D:2)
  8 bats
  7 frilled lizards
  7 rats
106 creatures vanquished.

Vanquished Creatures (others)
  A slave (D:4)
  An orc wizard (D:4)
  4 orcs
  2 goblins (D:4)
8 creatures vanquished.

Grand Total: 114 creatures vanquished

Notes
Turn   | Place    | Note
-------+----------+-------------------------------------------
     0 | D:1      | Hasart the Octopode Fighter began the quest for the Orb.
     0 | D:1      | Reached XP level 1. HP: 16/16 MP: 1/1
    91 | D:1      | Reached XP level 2. HP: 21/21 MP: 2/2
   512 | D:1      | Reached XP level 3. HP: 20/26 MP: 3/3
   773 | D:2      | Found a glowing silver altar of Zin.
   773 | D:2      | Found Zin's Purification Station.
  1132 | D:2      | Reached skill level 3 in Long Blades
  1148 | D:2      | Reached XP level 4. HP: 25/31 MP: 4/4
  2077 | D:3      | Noticed Grinder
  2085 | D:3      | Reached XP level 5. HP: 14/36 MP: 5/5
  2090 | D:3      | Killed Grinder
  2090 | D:3      | Reached skill level 4 in Long Blades
  2090 | D:3      | Reached XP level 6. HP: 18/43 MP: 6/6
  3100 | D:3      | Noticed Terence
  3106 | D:3      | Killed Terence
  3106 | D:3      | Reached XP level 7. HP: 45/49 MP: 7/7
  3227 | D:4      | Noticed Duvessa
  3228 | D:4      | Noticed Dowan
  3228 | D:4      | Noticed Natasha
  3236 | D:4      | Killed Natasha
  3396 | D:4      | Noticed Natasha
  3399 | D:4      | Killed Natasha
  3445 | D:4      | Reached skill level 5 in Long Blades
  3447 | D:4      | Reached skill level 1 in Throwing
  3778 | D:4      | Killed Duvessa
  3790 | D:4      | Noticed Robin
  3796 | D:4      | Killed Robin
  3796 | D:4      | Reached XP level 8. HP: 46/54 MP: 8/8
  3800 | D:4      | Noticed Pikel
  3817 | D:4      | Killed Pikel
  3817 | D:4      | Reached skill level 5 in Fighting
  3817 | D:4      | Reached skill level 6 in Long Blades
  3817 | D:4      | Reached skill level 5 in Dodging
  3817 | D:4      | Reached skill level 5 in Shields
  3918 | D:4      | Mangled by an orc warrior

Levels and vault maps discovered:
D:1:      lemuel_arrival_room, layout_basic
D:2:      layout_loops_ring, zin_purify
D:3:      layout_basic, minmay_goblin_outpost, uniq_crazy_yiuf_cottage,
          uniq_grinder, uniq_terence
D:4:      layout_rooms, first_ration, uniq_pikel, uniq_duvessa, uniq_robin,
          uniq_natasha

Skill      XL: |  1  2  3  4  5  6  7  8 |
---------------+-------------------------+-----
Long Blades    | 3 4 5 6 |  6.4
Fighting       | 4 5 |  5.2
Dodging        | 4 5 |  5.1
Shields        | 4 5 |  5.2
Throwing       | 1 2 |  2.7

Action                   |  1- 3 |  4- 6 |  7- 9 || total
-------------------------+-------+-------+-------++-------
Melee: Long sword        |    60 |    88 |    60 ||   208
       Constrict         |    17 |    28 |    11 ||    56
       Tentacles         |     5 |    20 |    15 ||    40
Throw: Dart              |       |       |     3 ||     3
Evoke: Wand              |       |       |     2 ||     2
 Stab: Sleeping          |     6 |     3 |       ||     9
  Eat: Chunk             |     1 |     5 |     1 ||     7
       Ration            |       |       |     1 ||     1
Armor: Skin              |     6 |     4 |       ||    10
Dodge: Dodged            |    28 |    45 |    16 ||    89
Block: Kite shield       |    23 |    42 |    15 ||    80
       Rpst.: Long sword |     7 |    17 |     7 ||    31

Table legend:
 A = Non-vault XP
 B = Vault XP
 C = Vault XP percentage of total XP
 D = Non-vault monster count
 E = Vault monster count
 F = Vault count percentage of total count
                 A         B        C        D         E       F
            +---------+---------+-------+---------+---------+-------
      Total |     688 |    1154 |  62.6 |      90 |      16 |  15.1
            +---------+---------+-------+---------+---------+-------
        D:1 |      40 |       0 |   0.0 |      23 |       0 |   0.0
        D:2 |      94 |       0 |   0.0 |      27 |       0 |   0.0
        D:3 |     188 |     321 |  63.1 |      29 |       6 |  17.1
        D:4 |     366 |     833 |  69.5 |      11 |      10 |  47.6
            +---------+---------+-------+---------+---------+-------
